 Dungeon Crawl Stone Soup version 0.29.1 (webtiles) character file.

Game seed: 10842948359176783046

74 funnyparkerb the Cudgeller (level 4, -7/28 HPs)
             Began as a Gargoyle Fighter on Sept 12, 2022.
             Mangled by a two-headed ogre
             ... wielding a +0 giant spiked club
              (17 damage)
             ... on level 6 of the Dungeon.
             The game lasted 00:03:46 (2304 turns).

funnyparkerb the Cudgeller (Gargoyle Fighter)       Turns: 2304, Time: 00:03:47

Health: -7/28      AC: 11    Str: 22    XL:     4   Next: 30%
Magic:  4/4        EV:  9    Int:  8    God:
Gold:   132        SH:  6    Dex:  9    Spells: 3/3 levels left

rFire   . . .      SeeInvis .   a - +0 flail
rCold   . . .      Faith    .   c - +2 buckler
rNeg    + . .      Spirit   .   b - +0 scale mail
rPois   ∞          Reflect  .   (no helmet)
rElec   +          Harm     .   (no cloak)
rCorr   .          Rampage  .   (no gloves)
Will    .....                   j - +0 pair of boots
Stlth   ..........              (no amulet)
HPRegen 0.09/turn               (no ring)
MPRegen 0.09/turn               (no ring)

@: mighty
A: sickness immunity, AC +3, negative energy resistance 1, electricity
resistance, torment resistance 1, petrification resistance
a: no special abilities


You were on level 6 of the Dungeon.
You visited 1 branch of the dungeon, and saw 7 of its levels.

You collected 132 gold pieces.

Inventory:

Hand Weapons
 a - a +0 flail (weapon)
Armour
 b - a +0 scale mail (worn)
 c - a +2 buckler (worn)
 j - a +0 pair of boots (worn)
Scrolls
 h - a scroll of torment
 i - a scroll of teleportation {unknown}
 k - a scroll of immolation {unknown}
 l - a scroll of magic mapping {unknown}
 n - a scroll of vulnerability {unknown}
 p - a scroll of silence {unknown}
Potions
 d - a potion of might
 e - a potion of flight {unknown}
 m - a potion of curing {unknown}
 o - a potion of lignification {unknown}


   Skills:
 - Level 3.2 Fighting
 + Level 4.4 Maces & Flails
 - Level 3.2 Armour
 - Level 3.2 Shields


You had 3 spell levels left.
You didn't know any spells.
Your spell library contained the following spells:

 Spells                   Type           Power      Damage    Failure   Level
 Summon Guardian Golem    Hex/Summ       0%         N/A       99%         3
 Orb of Destruction       Conj           0%         9d5       100%        7
 Spellforged Servitor     Conj/Summ      0%         N/A       100%        7


Dungeon Overview and Level Annotations

Branches:
Dungeon (7/15)
 Temple: D:4-7

Altars:
Kikubaaqudgha
Vehumet
Wu Jian
Xom


Innate Abilities, Weirdness & Mutations

You are immune to sickness and miasma.
Your stone body is resilient. (AC +3)
You are immune to poison.
You resist negative energy. (rN+)
You are resistant to electric shocks. (rElec)
You are resistant to unholy torment.
You are immune to petrification.


Message History

The scorpion attacks as you move away! You block the scorpion's attack.
You open the door.
The scorpion stings you but does no damage.
You block the scorpion's attack.
Found 8 gold pieces.
Found a glowing silver altar of Zin.
The scorpion attacks as you move away!
The scorpion stings you but does no damage.
There is an open door here.
Found two shimmering altars of Xom.
There's a creature in the doorway!
The scorpion attacks as you move away!
The scorpion stings you but does no damage.
Found three altars.
You block the scorpion's attack. The scorpion attacks as you move away!
The scorpion barely misses you.
The altar is a mimic!
The altar mimic guffaws and vanishes in a puff of smoke!
Okay, then.
Blink to where?
Press: ? - help, Dir - move target
As you read the scroll of blinking, it crumbles to dust.
As you close the door, it creaks loudly!
An iguana comes into view.
The iguana hisses angrily.
Found 17 gold pieces.
Found 17 gold pieces.
You hear the slow rusting of a distant drain.
Found a dagger.
Found a stone staircase leading down.
A phantom comes into view.
Found a club.
There is a stone staircase leading down here.
You climb downwards.
The two-headed ogre shouts in stereo!
There is a stone staircase leading up here.
The wight hits you from afar with a +0 halberd.
The two-headed ogre barely misses you.
The two-headed ogre hits you with a +0 giant club!
Ouch! That really hurt!
You die...

##########
#z........
######.........
#......@z......
#......zO......
#..............
#.......##...##
#.......# ...#
######### ..#
##


You could see a two-headed ogre and 3 wights.

Vanquished Creatures
  2 adders (D:2)
  2 worms (D:2)
  2 dart slugs (D:1)
  5 orcs
  4 endoplasms
  2 giant cockroaches
  6 goblins
  A hobgoblin (D:2)
  A quokka (D:1)
  4 ball pythons
  3 bats (D:1)
  4 frilled lizards
  6 kobolds
  3 rats (D:1)
45 creatures vanquished.

Notes
Turn   | Place    | Note
-------+----------+-------------------------------------------
     0 | D:1      | funnyparkerb the Gargoyle Fighter began the quest for the
                  | Orb.
     0 | D:1      | Reached XP level 1. HP: 14/14 MP: 1/1
   353 | D:1      | Reached XP level 2. HP: 19/19 MP: 2/2
   405 | D:1      | Found a faded altar of an unknown god.
   501 | D:1      | Reached skill level 3 in Maces & Flails
  1004 | D:2      | Reached XP level 3. HP: 23/23 MP: 3/3
  1560 | D:2      | Reached skill level 4 in Maces & Flails
  1691 | D:2      | Reached XP level 4. HP: 23/28 MP: 4/4
  2170 | D:3      | You fall into a shaft and drop 3 floors!
  2170 | D:6      | Found a radiant altar of Vehumet.
  2171 | D:6      | Noticed a sky beast
  2211 | D:6      | Noticed a scorpion
  2219 | D:6      | Noticed a phantom
  2247 | D:5      | Entered Level 5 of the Dungeon
  2247 | D:5      | Noticed a scorpion
  2264 | D:5      | Found a glowing silver altar of Zin.
  2266 | D:5      | Found a shimmering altar of Xom.
  2266 | D:5      | Found a shimmering altar of Xom.
  2268 | D:5      | Found an ancient bone altar of Kikubaaqudgha.
  2268 | D:5      | Found a shimmering altar of Xom.
  2268 | D:5      | Found an ornate altar of the Wu Jian Council.
  2300 | D:5      | Noticed a phantom
  2303 | D:6      | Noticed a two-headed ogre
  2304 | D:6      | Mangled by a two-headed ogre

Illustrated notes

Levels and vault maps discovered:
D:1:      minmay_arrival_semitransparent, layout_basic,
          chequers_ecumenical_altar_simple, minmay_pentomino_z4
D:2:      minmay_evil_eye, layout_loops_ring, kennysheep_generic_room_11
D:3:      layout_rooms, pf_guarded_unrand_delatra
D:4:      layout_loops_ring, kennysheep_mini_moat, kennysheep_generic_room_2
D:5:      layout_basic, doesnt_xom_only_xom, kennysheep_ying_yang,
          temple_fountains, gammafunk_ghost_mausoleum, portal_sewer_entry_d,
          kennysheep_minor_cross, grunt_ministairs_6, guppyfry_shop_venom
D:6:      kb_forest_paths, layout_basic, amcnicky_altar_gilded
D:7:      layout_basic, mainiacjoe_overflow_paths, lemuel_crystal_altar,
          enter_bailey_2, minmay_manual_monstrance, uniq_maggie

Skill      XL: |  1  2  3 |
---------------+----------+-----
Maces & Flails | 3 4 |  4.4
Fighting       | |  3.2
Armour         | |  3.2
Shields        | |  3.2

Action                   |  1- 3 |  4- 6 || total
-------------------------+-------+-------++-------
Melee: Flail             |   109 |    24 ||   133
  Use: Scroll            |       |     3 ||     3
       Potion            |       |     1 ||     1
Armor: Scale mail        |    44 |    31 ||    75
Dodge: Dodged            |    46 |    17 ||    63
Block: Buckler           |    21 |    20 ||    41
